 Dungeon Crawl Stone Soup version 0.29.1-15-g9cfb28693d (webtiles) character file.

Game seed: 6408841254275003330

6101 leafyfresh the Thaumaturge (level 10, -6/74 HPs)
             Began as an Octopode Delver on Feb 24, 2023.
             Was a Follower of Ashenzari.
             Mangled by a two-headed ogre
             ... wielding a +0 giant spiked club
              (9 damage)
             ... on level 9 of the Dungeon.
             The game lasted 00:19:10 (14338 turns).

leafyfresh the Thaumaturge (Octopode Delver)       Turns: 14338, Time: 00:19:12

Health: -6/74      AC:  1    Str: 17    XL:     10   Next: 88%
Magic:  20/23      EV: 22    Int: 20    God:    Ashenzari [*.....]
Gold:   289        SH:  5    Dex: 21    Spells: 22/27 levels left

rFire   + . .      SeeInvis .   C - +11 long sword of Evil {holy, Int+3 Dex+4}
rCold   + + .      Faith    .   (no shield)
rNeg    + . .      Spirit   .   (helmet restricted)
rPois   .          Reflect  +   x - amulet of reflection
rElec   .          Harm     .   g - ring "Restrained Scepticism" {+Blink rC+ rN+ Str+6 Int+3, Self, Elem} (curse)
rCorr   .          Rampage  .   n - ring of Ashenzari's Vision {rC+, Fort, Bglg} (curse)
Will    .....                   i - ring of Supernal Understanding {rF+, Melee, Comp} (curse)
Stlth   +++++.....              q - ring of wizardry
HPRegen 0.22/turn               D - +4 ring of evasion
MPRegen 0.18/turn               (no ring)
                                (no ring)
                                (no ring)

@: swift, quick
A: almost no armour, amphibious, 8 rings, camouflage 1, gelatinous body 1,
(nimble swimmer 1), tentacles
a: Renounce Religion, Evoke Blink, Shatter the Chains


You were on level 9 of the Dungeon.
You worshipped Ashenzari.
Ashenzari was aware of your devotion.
You visited 1 branch of the dungeon, and saw 9 of its levels.

You collected 493 gold pieces.
You spent 204 gold pieces at shops.

Inventory:

Hand Weapons
 a - a +0 short sword
 w - a +0 sling
 z - a +1 sling of freezing
 A - a +2 vorpal hand axe
 C - the +11 long sword of Evil (weapon) {holy, Int+3 Dex+4}
   (You bought it in a shop on level 6 of the Dungeon)

   It has been blessed by the Shining One to cause great damage to the undead
   and demons.
   Int:       It affects your intelligence (+3).
   Dex:       It affects your dexterity (+4).
Missiles
 G - a throwing net
Armour
 y - a +0 kite shield
Jewellery
 g - the cursed ring "Restrained Scepticism" (left tentacle) {+Blink rC+ rN+ Str+6 Int+3, Self, Elem}
   (You found it on level 6 of the Dungeon)

   [ring of strength]

   Str:       It affects your strength (+6).
   Int:       It affects your intelligence (+3).
   rC:        It protects you from cold.
   rN:        It protects you from negative energy.
   +Blink:    It lets you blink.
   It has a curse which improves the following skills: Introspection: Fighting
   and Spellcasting.
   Elements:  Fire Magic, Ice Magic, Air Magic and Earth Magic.
 i - the cursed ring of Supernal Understanding (on tentacle) {rF+, Melee, Comp}
   (You found it on level 5 of the Dungeon)

   [ring of protection from fire]

   rF:        It protects you from fire.
   It has a curse which improves the following skills: Melee Combat: Short
   Blades, Long Blades, Axes, Maces & Flails, Polearms, Staves and Unarmed
   Combat.
   Companions: Summonings and Necromancy.
 n - the cursed ring of Ashenzari's Vision (right tentacle) {rC+, Fort, Bglg}
   (You found it on level 3 of the Dungeon)

   [ring of protection from cold]

   rC:        It protects you from cold.
   It has a curse which improves the following skills: Fortitude: Shields.
   Beguiling: Conjurations, Hexes and Translocations.
 q - a ring of wizardry (on tentacle)
 x - an amulet of reflection (around mantle)
 D - a +4 ring of evasion (on tentacle)
 H - a ring of willpower
Wands
 b - a wand of flame (21)
 f - a wand of digging (3)
 r - a wand of charming (4)
 v - a wand of iceblast (5)
Scrolls
 c - 4 scrolls of magic mapping
 d - a scroll of enchant weapon
 e - 2 scrolls of teleportation
 j - a scroll of vulnerability
 k - 2 scrolls of enchant armour
 l - a scroll of brand weapon
 o - 7 scrolls of identify
 p - 2 scrolls of noise
 t - 2 scrolls of amnesia
 u - 2 scrolls of poison
 B - 2 scrolls of butterflies
 F - a scroll of silence
 I - a scroll of fear
Potions
 h - a potion of haste
 m - 2 potions of flight
 s - 2 potions of berserk rage
 E - a potion of cancellation


   Skills:
 + Level 8.1(9.0) Fighting
 - Level 3.3(6.0) Short Blades
 + Level 6.9(8.1) Long Blades
 + Level 7.8 Dodging
 - Level 7.7 Stealth
 - Level 8.2(9.1) Spellcasting


You had 22 spell levels left.
You knew the following spells:

 Your Spells              Type           Power      Damage    Failure   Level
a - Swiftness             Air            9%         N/A       9%          3
b - Wereblood             Tmut           9%         N/A       4%          2

Your spell library contained the following spells:

 Spells                   Type           Power      Damage    Failure   Level
 Shock                    Conj/Air       36%        1d5       3%          1
 Sublimation of Blood     Necr           9%         N/A       4%          2
 Ozocubu's Armour         Ice            9%         N/A       9%          3
 Airstrike                Air            4%         2d(1-17)  28%         4
 Metabolic Englaciation   Hex/Ice        4%         N/A       58%         5
 Simulacrum               Ice/Necr       4%         N/A       98%         6
 Summon Hydra             Summ           4%         N/A       100%        7


Dungeon Overview and Level Annotations

Branches:
Dungeon (9/15)             Temple (0/1) D:5            Lair (0/5) D:8
    Orc: D:9-12

Altars:
Ashenzari
Dithmenos
Fedhas
Hepliaklqana
Kikubaaqudgha
Makhleb
Nemelex Xobeh
Okawaru
Wu Jian
The Shining One

Shops:
D:3 [   D:5 :   D:6 (

Portals:
Abyss: D:9

Annotations:
D:6 2 transporters
D:7 1 runed translucent door, croobank's ghost, novice OpDe
D:8 3 runed translucent doors, Anandil's ghost, novice DsAr
D:9 2 transporters, cghgu1's ghost, novice MiFi


Innate Abilities, Weirdness & Mutations

You cannot wear most types of armour.
You are amphibious.
You can wear up to eight rings at the same time.
Your skin changes colour to match your surroundings (Stealth+).
Your rubbery body absorbs attacks. (AC +1, EV +1)
((You are camouflaged when in or above water. (Stealth+)))
You have tentacles for arms and can constrict up to eight enemies at once.


Message History

The shadow barely misses you.
A shadow is nearby!
You slash the shadow!
The shadow convulses!
You destroy the shadow!
You open the door.
There is an open door here.
Things that are here:
a +3 hand axe; a +0 chain mail; a +0 club You see here a +0 club.
A two-headed ogre comes into view.
It is wielding a +0 giant spiked club and a +0 giant club.
The two-headed ogre shouts in stereo!
A two-headed ogre is nearby!
A two-headed ogre is nearby!
A two-headed ogre is nearby!
You completely miss the two-headed ogre.
The two-headed ogre misses you.
The two-headed ogre completely misses you.
You barely miss the two-headed ogre.
Your squeeze misses the two-headed ogre.
The two-headed ogre closely misses you.
The two-headed ogre hits you with a +0 giant club!!
You slice the two-headed ogre!! You squeeze the two-headed ogre.
The two-headed ogre is heavily wounded.
You completely miss the two-headed ogre.
Your squeeze misses the two-headed ogre.
The two-headed ogre is heavily wounded.
The two-headed ogre hits you with a +0 giant spiked club!!
The two-headed ogre closely misses you.
You are too injured to fight recklessly!
Unknown command.
Casting: Wereblood (safe; 4% risk of failure)
Confirm with . or Enter, or press ? or * to list all spells.
Okay, then.
Casting: Wereblood (safe; 4% risk of failure)
Confirm with . or Enter, or press ? or * to list all spells.
You feel quick.
The two-headed ogre hits you with a +0 giant spiked club!!
* * * LOW HITPOINT WARNING * * *
The two-headed ogre hits you with a +0 giant club!
You die...

#.# #.#........##.......
#.# #.#.................
#.###.#.................
#.......######...##.....
#####.#########.###.###.
#............##.# #.
############.##.# #.
#.##############.##.# #.
#.....O@............# #.
################.##.# ##
#.####### #........
#########


You could see a two-headed ogre.

Vanquished Creatures
  Pikel (D:7)
  An elephant (D:8)
  A shadow (D:9)
  7 yaks
  Sigmund (D:6)
  Eustachio (D:4)
  3 wyverns
  A basilisk (D:8)
  Menkaure (D:7)
  2 steam dragons
  2 black bears
  An ice beast (D:6)
  A sky beast (D:7)
  4 orc warriors
  An ogre (D:7)
  A centaur (D:7)
  A phantom (D:4)
  3 lemures (D:7)
  A kobold brigand (D:7)
  4 bullfrogs
  A necrophage (D:6)
  3 scorpions
  5 wights (D:7)
  A jelly (D:5)
  A howler monkey (D:7)
  2 gnoll boudas (D:8)
  10 orc priests
  3 hounds
  3 iguanas
  5 orc wizards
  13 gnolls
  6 adders
  A shadow imp (D:7)
  2 white imps
  3 ufetubi
  A worm (D:5)
  2 dart slugs
  52 orcs
  7 ball pythons
  5 endoplasms
  2 giant cockroaches
  4 goblins
  7 hobgoblins
  6 jackals
  8 kobolds
  3 quokkas
  6 bats
  A frilled lizard (D:3)
  5 rats
206 creatures vanquished.

Vanquished Creatures (collateral kills)
  An orc (D:4)
1 creature vanquished.

Vanquished Creatures (others)
  A plant (D:8)
1 creature vanquished.

Grand Total: 208 creatures vanquished

Notes
Turn   | Place    | Note
-------+----------+-------------------------------------------
     0 | D:5      | leafyfresh the Octopode Delver began the quest for the Orb.
     0 | D:5      | Reached XP level 1. HP: 16/16 MP: 1/1
     1 | D:6      | Noticed a bullfrog
     2 | D:6      | Noticed a black bear
    33 | D:6      | Identified the ring "Qeratal" {+Blink rC+ rN+ Str+6 Int+3}
    50 | D:6      | Noticed an iguana
    56 | D:6      | Noticed an orc priest
    61 | D:5      | Found a broken altar of Ashenzari.
   242 | D:5      | Became a worshipper of Ashenzari the Shackled
   616 | D:5      | Noticed a jelly
  1063 | D:3      | Noticed a hound
  1125 | D:3      | Reached XP level 2. HP: 21/21 MP: 2/2
  1156 | D:3      | Reached XP level 3. HP: 13/26 MP: 3/3
  1758 | D:3      | Reached XP level 4. HP: 33/33 MP: 4/4
  2093 | D:3      | Found a shadowy altar of Dithmenos.
  2102 | D:3      | Found a blossoming altar of Fedhas.
  2291 | D:3      | Found Ocluguh's Antique Armour Shoppe.
  2583 | D:4      | Noticed a scorpion
  2593 | D:4      | Killed a scorpion
  2594 | D:4      | Reached XP level 5. HP: 17/37 MP: 5/5
  3101 | D:4      | Noticed Eustachio
  3336 | D:2      | Found a hazy altar of Hepliaklqana.
  3347 | D:2      | Reached skill level 1 in Spellcasting
  3347 | D:2      | Reached XP level 6. HP: 28/44 MP: 5/8
  3519 | D:2      | Reached * piety under Ashenzari
  3700 | D:2      | Found a faded altar of an unknown god.
  5683 | D:4      | Noticed an orc warrior
  7002 | D:5      | Found an ancient bone altar of Kikubaaqudgha.
  7076 | D:5      | Reached XP level 7. HP: 21/49 MP: 13/13
  7318 | D:5      | Noticed a steam dragon
  8560 | D:5      | Found a staircase to the Ecumenical Temple.
  8718 | D:6      | Noticed Sigmund
  8718 | D:6      | Found a transporter.
  8721 | D:6      | Killed Sigmund
  8722 | D:6      | Reached skill level 5 in Spellcasting
  8776 | D:6      | Reached XP level 8. HP: 27/54 MP: 16/18
  9204 | D:6      | Found a transporter.
  9208 | D:6      | Noticed a vampire
  9292 | D:6      | Found a sparkling altar of Nemelex Xobeh.
  9292 | D:6      | Noticed a cyclops
  9708 | D:6      | Learned a level 3 spell: Swiftness
  9727 | D:6      | Found Migrys's Antique Weapon Shoppe.
  9732 | D:6      | Bought an iridescent long sword for 204 gold pieces
  9732 | D:6      | Identified the +11 long sword of Evil {holy, Int+3 Dex+4}
                  | (You bought it in a shop on level 6 of the Dungeon)
 10127 | D:5      | Reached skill level 1 in Long Blades
 10498 | D:4      | Killed Eustachio
 10499 | D:4      | Reached XP level 9. HP: 56/61 MP: 22/22
 10884 | D:7      | Reached skill level 5 in Fighting
 11368 | D:7      | Reached skill level 5 in Dodging
 11442 | D:7      | Noticed Menkaure
 11443 | D:7      | Found a runed translucent door.
 11446 | D:7      | Noticed croobank's ghost (novice OpDe)
 11449 | D:7      | Killed Menkaure
 11498 | D:7      | Noticed Pikel
 11505 | D:7      | Killed Pikel
 11835 | D:7      | Found an ornate altar of the Wu Jian Council.
 12093 | D:8      | Reached XP level 10. HP: 71/71 MP: 23/23
 12114 | D:8      | Found a staircase to the Lair.
 12114 | D:8      | Noticed an elephant
 12140 | D:8      | Learned a level 2 spell: Wereblood
 12150 | D:8      | Killed an elephant
 12151 | D:8      | Reached skill level 5 in Long Blades
 12637 | D:8      | Found an iron altar of Okawaru.
 12662 | D:8      | Found a glowing golden altar of the Shining One.
 12665 | D:8      | Found a hazy altar of Hepliaklqana.
 12668 | D:8      | Found a burning altar of Makhleb.
 12720 | D:8      | Found a runed translucent gate.
 12720 | D:8      | Found a runed translucent gate.
 12720 | D:8      | Found a runed translucent gate.
 12721 | D:8      | Noticed Anandil's ghost (novice DsAr)
 13411 | D:9      | Found a transporter.
 14115 | D:9      | Noticed a toenail golem
 14121 | D:9      | Found a one-way gate to the infinite horrors of the Abyss.
 14121 | D:9      | Noticed cghgu1's ghost (novice MiFi)
 14122 | D:9      | Noticed a skeletal warrior
 14148 | D:9      | Noticed a wizard
 14151 | D:9      | Found a transporter.
 14155 | D:9      | Noticed a toenail golem
 14330 | D:9      | Noticed a two-headed ogre
 14338 | D:9      | HP: 3/74 [two-headed ogre/+0 giant spiked club (20)]
 14338 | D:9      | Mangled by a two-headed ogre

Illustrated notes

Levels and vault maps discovered:
D:1:      nzn_arrival_depleted_hourglass, layout_loops_ring, st_stairs_2,
          bh_walls_and_bars
D:2:      layout_basic, dreamdust_ecumenical_altar_grove, basic_altar,
          kennysheep_flooded_box, minmay_cut_off
D:3:      layout_basic, mainiacjoe_overflow_big_doors, serial_shops,
          nicolae_lakefront_shop
D:4:      layout_basic, uniq_eustachio
D:5:      layout_basic, cheibrodos_ashenzari_chains,
          nicolae_kikubaaqudgha_miasma_corner,
          minmay_temple_entry_enclosed_plants, serial_shops,
          nicolae_take_the_stairs, hangedman_glass_teeth
D:6:      layout_rooms, gammafunk_temple_overflow_arena, serial_shops, shop,
          uniq_sigmund
D:7:      wander_river, layout_loops_ring, nzn_wu_jian_contemplation,
          ebering_ghost_reflecting_pool, uniq_menkaure, uniq_pikel
D:8:      layout_basic, grunt_temple_overflow_cloverleaf, david_lair_generic,
          gammafunk_ghost_necromancy
D:9:      layout_basic, gammafunk_ghost_abyssal_escape

Skill      XL: |  1  2  3  4  5  6  7  8  9 10 |
---------------+-------------------------------+-----
Stealth        | 7 |  7.7
Short Blades   | 3 |  3.3
Dodging        | 3 4 6 7 |  7.8
Fighting       | 4 6 8 |  8.1
Spellcasting   | 1 3 6 8 |  8.2
Long Blades    | 1 4 6 |  6.9

Action                   |  1- 3 |  4- 6 |  7- 9 | 10-12 || total
-------------------------+-------+-------+-------+-------++-------
Melee: Short sword       |    41 |   103 |       |       ||   144
       Tentacles         |     6 |    21 |    34 |    26 ||    87
       Constrict         |     6 |    16 |    40 |    20 ||    82
       Hand axe          |       |    26 |    73 |       ||    99
       Punch             |       |     1 |     1 |     2 ||     4
       Long sword        |       |       |    86 |   130 ||   216
 Fire: Sling             |       |    15 |       |       ||    15
 Cast: Swiftness         |       |       |       |     3 ||     3
       Wereblood         |       |       |       |     3 ||     3
Invok: Curse Item        |     1 |     1 |       |     1 ||     3
Evoke: Wand              |       |     3 |       |       ||     3
  Use: Potion            |     1 |     2 |     3 |     1 ||     7
       Scroll            |     1 |     3 |       |       ||     4
 Stab: Sleeping          |     7 |    39 |    14 |     5 ||    65
       Invisible         |       |     1 |       |       ||     1
Armor: Skin              |     5 |     8 |     3 |     2 ||    18
Dodge: Dodged            |    24 |    86 |   117 |   110 ||   337
Block: Other             |       |    19 |    33 |    25 ||    77
